 Dungeon Crawl Stone Soup version 0.31-a0-1522-g43313d8a59 (webtiles) character file.

Game seed: 17999338872494825808

2573169 freelancePsychic the Blood Saint (level 25, 235/235 HPs)
             Began as a Demonspawn Monk on Dec 30, 2023.
             Was the Champion of Lugonu.
             Escaped with the Orb
             ... and 4 runes
             ... and 1 gem!
             The game lasted 02:11:42 (61468 turns).

freelancePsychic the Blood Saint (Demonspawn Monk) Turns: 61468, Time: 02:11:43

Health: 235/235    AC: 32    Str: 16    XL:     25   Next: 47%
Magic:  51/51      EV: 25    Int: 26    God:    Lugonu [******]
Gold:   3675       SH: 10    Dex: 19    Spells: 41/54 levels left

rFire   + . .        F - +9 quick blade (distort)
rCold   + . .        s - +3 buckler {rC+}
rNeg    + + .        N - +6 pearl dragon scales of Action {rPois rF+ rN+ Slay+5}
rPois   +            (helmet unavailable)
rElec   +            T - +1 cloak of Ahogaily {Slay+3}
rCorr   .            m - +2 pair of gloves
SInv    .            Y - +2 pair of boots {rampage}
Will    +++..        Z - amulet of regeneration Stlth
                     a - ring "Serr" {rElec rF+ rN+ MP+9}
HPRegen 1.39/turn    E - ring "Ajeat" {+Blink rPois Will+ EV+5 Int+3 Stlth-}
MPRegen 0.64/turn

%: guardian spirit, rampage, wizardry (x1)
@: studying Ice Magic
A: horns 3, ignite blood 3, robust 1, magic shield, magic regeneration, magic
link, big brain 3, clever 1, strong-willed 1, heat vulnerability 1, inability to
drink after injury 1
0: Orb of Zot
}: 4/15 runes: serpentine, barnacled, silver, abyssal
a: Renounce Religion, Evoke Blink, Depart the Abyss, Banish, Corrupt, Enter the
Abyss


You escaped.
You worshipped Lugonu.
Lugonu was exalted by your worship.
You visited 11 branches of the dungeon, and saw 51 of its levels.
You visited the Abyss 2 times.
You also visited: Trove, Gauntlet, Ice Cave, Volcano and Wizlab.

You collected 8522 gold pieces.
You spent 4847 gold pieces at shops.

Inventory:

Hand Weapons
 F - a +9 quick blade of distortion (weapon)
Missiles
 y - 7 silver javelins
Armour
 m - a +2 pair of gloves (worn)
 s - a +3 buckler of cold resistance (worn)
 N - the +6 pearl dragon scales of Action (worn) {rPois rF+ rN+ Slay+5}
   (You bought it in a shop on level 3 of the Snake Pit)

   Slay+5:    It affects your accuracy & damage with ranged weapons and melee
   (+5).
   rF+:       It protects you from fire.
   rPois:     It protects you from poison rN+: It protects you from negative
   energy.
 T - the +1 cloak of Ahogaily (worn) {Slay+3}
   (You found it on level 4 of the Depths)

   Slay+3:    It affects your accuracy & damage with ranged weapons and melee
   (+3).
 Y - a +2 pair of boots of rampaging (worn)
Jewellery
 a - the ring "Serr" (left hand) {rElec rF+ rN+ MP+9}
   (You bought it in a shop on level 2 of the Orcish Mines)

   [ring of magical power]

   rF+:       It protects you from fire.
   rElec:     It insulates you from electricity.
   rN+:       It protects you from negative energy.
   MP+9:      It affects your magic capacity (+9).
 u - the ring "Coebog" {Ice rN++ rCorr MP-9 Dex+8}
   (You found it on level 3 of the Elven Halls)

   [ring of ice]

   Ice:       It enhances your ice magic.
   Dex+8:     It affects your dexterity (+8).
   rF-:       It makes you vulnerable to fire.
   rC+:       It protects you from cold.
   rN++:      It greatly protects you from negative energy.
   MP-9:      It affects your magic capacity (-9).
   rCorr:     It protects you from acid and corrosion.
 w - the ring "Niefoceese" {Str+3 Int+6 Slay+2}
   (You found it on level 3 of the Elven Halls)

   [ring of intelligence]

   Str+3:     It affects your strength (+3).
   Int+6:     It affects your intelligence (+6).
   Slay+2:    It affects your accuracy & damage with ranged weapons and melee
   (+2).
 E - the ring "Ajeat" (right hand) {+Blink rPois Will+ EV+5 Int+3 Stlth-}
   (You found it in a Gauntlet)

   [ring of evasion]

   EV+5:      It affects your evasion (+5).
   Int+3:     It affects your intelligence (+3).
   rPois:     It protects you from poison Will+: It increases your willpower.
   +Blink:    It lets you blink.
   Stlth-:    It makes you less stealthy.
 M - the ring "Egahoj" {+Blink rN+ Stlth+}
   (You found it on level 3 of the Crypt)

   [ring of positive energy]

   rN+:       It protects you from negative energy.
   +Blink:    It lets you blink.
   Stlth+:    It makes you more stealthy.
 Z - an amulet of regeneration (around neck)
Wands
 r - a wand of mindburst (68)
 B - a wand of flame (65)
 K - a wand of digging (11)
 L - a wand of light (22)
 O - a wand of iceblast (9)
Scrolls
 e - 9 scrolls of enchant armour
 k - 4 scrolls of brand weapon
 l - 9 scrolls of vulnerability
 n - 5 scrolls of fear
 p - 8 scrolls of immolation
 q - 4 scrolls of fog
 t - a scroll of silence
 z - 8 scrolls of enchant weapon
 C - 25 scrolls of teleportation {@r4}
 H - 11 scrolls of blinking
 I - 4 scrolls of revelation
 Q - 6 scrolls of noise
 R - 4 scrolls of poison
 S - 2 scrolls of summoning
Potions
 c - 5 potions of ambrosia
 g - 4 potions of enlightenment
 h - 10 potions of curing {@q1}
 i - 5 potions of might
 j - 6 potions of attraction
 o - 3 potions of cancellation
 v - 10 potions of brilliance
 x - 6 potions of lignification
 A - 11 potions of mutation
 D - 5 potions of berserk rage
 G - 6 potions of invisibility
 J - 5 potions of haste {@q3}
 U - 3 potions of magic
 W - 2 potions of resistance
 X - a potion of heal wounds {@q2}
Miscellaneous
 b - a condenser vane
 d - a box of beasts
 f - a phantom mirror
 P - a lightning rod (4/4)
 V - a phial of floods


   Skills:
 - Level 21.0 Fighting
 - Level 14.0 Short Blades
 - Level 1.3 Polearms
 - Level 0.7 Throwing
 - Level 15.0 Armour
 + Level 19.1 Dodging
 - Level 8.9 Shields
 + Level 15.1 Spellcasting
 - Level 17.4 Necromancy
 O Level 27 Invocations
 - Level 7.0 Evocations


You had 41 spell levels left.
You knew the following spells:

 Your Spells              Type           Power      Damage    Failure   Level
a - Fugue of the Fallen   Necr           84%        N/A       0%          3
b - Death Channel         Necr           42%        N/A       1%          6
c - Dispel Undead         Necr           84%        3d27      1%          4

Your spell library contained the following spells:

 Spells                   Type           Power      Damage    Failure   Level
 Necrotise                Necr           100%       1d9       0%          1
 Sublimation of Blood     Necr           84%        N/A       0%          2
 Kiss of Death            Conj/Necr      100%       2d13      1%          1
 Cigotuvi's Dreadful Rot  Necr/Alch/Air  98%        N/A       1%          2
 Animate Dead             Necr           84%        N/A       1%          4
 Martyr's Knell           Necr/Summ      60%        N/A       1%          4
 Curse of Agony           Necr           84%        N/A       1%          5
 Apportation              Tloc           38%        N/A       4%          1
 Foxfire                  Conj/Fire      76%        2x1d7     4%          1
 Freeze                   Ice            76%        1d8       4%          1
 Magic Dart               Conj           76%        1d6       4%          1
 Sandblast                Erth           38%        2d10      4%          1
 Shock                    Conj/Air       76%        1d7       4%          1
 Sting                    Conj/Alch      76%        1d7       4%          1
 Blink                    Tloc           38%        N/A       6%          2
 Call Imp                 Summ           38%        N/A       6%          2
 Ensorcelled Hibernation  Hex/Ice        38%        N/A       6%          2
 Jinxbite                 Hex            38%        N/A       6%          2
 Lesser Beckoning         Tloc           38%        N/A       6%          2
 Mercury Vapours          Alch/Air       38%        N/A       6%          2
 Momentum Strike          Conj/Tloc      38%        3d9       6%          2
 Scorch                   Fire           38%        2d6       6%          2
 Call Canine Familiar     Summ           19%        N/A       12%         3
 Confusing Touch          Hex            19%        N/A       12%         3
 Dazzling Flash           Conj/Hex       38%        N/A       12%         3
 Frozen Ramparts          Ice            38%        1d6       12%         3
 Gell's Gravitas          Tloc           19%        N/A       12%         3
 Hailstorm                Conj/Ice       19%        3d7       12%         3
 Mephitic Cloud           Conj/Alch/Air  19%        N/A       12%         3
 Ozocubu's Armour         Ice            19%        N/A       12%         3
 Passwall                 Erth           19%        N/A       12%         3
 Sigil of Binding         Hex            19%        N/A       12%         3
 Stone Arrow              Conj/Erth      38%        3d9       12%         3
 Summon Ice Beast         Ice/Summ       19%        N/A       12%         3
 Swiftness                Air            19%        N/A       12%         3
 Teleport Other           Tloc           19%        N/A       12%         3
 Tukima's Dance           Hex            19%        N/A       12%         3
 Volatile Blastmotes      Fire/Tloc      38%        2d13      12%         3
 Borgnjor's Revivificati  Necr           42%        N/A       21%         8
 Infestation              Necr           42%        N/A       21%         8
 Airstrike                Air            9%         2d(2-18)  36%         4
 Animate Armour           Summ/Erth      38%        N/A       36%         4
 Brom's Barrelling Bould  Conj/Erth      19%        2d4       36%         4
 Cause Fear               Hex            9%         N/A       36%         4
 Dimensional Bullseye     Hex/Tloc       9%         N/A       36%         4
 Flame Wave               Conj/Fire      19%        2d7       36%         4
 Fulminant Prism          Conj/Alch      9%         3d7       36%         4
 Ignite Poison            Fire/Alch      19%        N/A       36%         4
 Iskenderun's Mystic Bla  Conj/Tloc      19%        2d6       36%         4
 Leda's Liquefaction      Alch/Erth      9%         N/A       36%         4
 Manifold Assault         Tloc           19%        N/A       36%         4
 Olgreb's Toxic Radiance  Alch           19%        N/A       36%         4
 Passage of Golubria      Tloc           19%        N/A       36%         4
 Petrify                  Alch/Erth      19%        N/A       36%         4
 Sticky Flame             Fire/Alch      19%        2d6       36%         4
 Summon Blazeheart Golem  Fire/Summ      19%        N/A       36%         4
 Haunt                    Necr/Summ      30%        N/A       65%         7
 Alistair's Intoxication  Alch           12%        N/A       69%         5
 Arcjolt                  Conj/Air       9%         1d19      69%         5
 Fireball                 Conj/Fire      9%         3d6       69%         5
 Freezing Cloud           Conj/Ice/Air   9%         6-21      69%         5
 Irradiate                Conj/Alch      9%         3d14      69%         5
 Iskenderun's Battlesphe  Conj           19%        2d7       69%         5
 Metabolic Englaciation   Hex/Ice        9%         N/A       69%         5
 Silence                  Hex/Air        9%         N/A       69%         5
 Summon Forest            Summ/Tloc      9%         N/A       69%         5
 Summon Mana Viper        Hex/Summ       19%        N/A       69%         5
 Yara's Violent Unravell  Hex/Alch       9%         3d6       69%         5
 Death's Door             Necr           42%        N/A       95%         9
 Bombard                  Conj/Erth      9%         9d2       99%         6
 Conjure Ball Lightning   Conj/Air       9%         3x3d6     99%         6
 Plasma Beam              Fire/Air       9%         2x1d20    99%         6
 Sculpt Simulacrum        Ice/Alch       9%         N/A       99%         6
 Starburst                Conj/Fire      9%         6d5       99%         6
 Summon Cactus Giant      Summ           9%         N/A       99%         6
 Enfeeble                 Hex            9%         N/A       100%        7
 Malign Gateway           Summ/Tloc      9%         N/A       100%        7
 Monstrous Menagerie      Summ           9%         N/A       100%        7
 Orb of Destruction       Conj           9%         9d6       100%        7
 Ozocubu's Refrigeration  Ice            9%         4d9       100%        7
 Spellforged Servitor     Conj/Summ      9%         N/A       100%        7
 Summon Hydra             Summ           9%         N/A       100%        7
 Discord                  Hex            9%         N/A       100%        8
 Ignition                 Fire           9%         3d5       100%        8
 Lehudib's Crystal Spear  Conj/Erth      9%         10d4      100%        8
 Maxwell's Capacitive Co  Air            9%         ∞         100%        8
 Summon Horrible Things   Summ           9%         N/A       100%        8
 Chain Lightning          Conj/Air       9%         3d12      100%        9
 Dragon's Call            Summ           9%         N/A       100%        9
 Fire Storm               Conj/Fire      9%         8d3       100%        9
 Shatter                  Erth           9%         3d11*     100%        9


Dungeon Overview and Level Annotations

Branches:
Dungeon (15/15)            Temple (0/1) D:4            Lair (5/5) D:8
 Shoals (4/4) Lair:3        Snake (4/4) Lair:2        Slime (1/5) Lair:5
    Orc (2/2) D:9             Elf (3/3) Orc:2        Vaults (5/5) D:13
  Crypt (3/3) Vaults:2       Tomb (0/3) Crypt:3      Depths (4/4) D:15
    Zot (5/5) Depths:4      IceCv (visited)         Volcano (visited)
 WizLab (visited)         Gauntlet (visited)

Altars:
Cheibriados
Dithmenos
Fedhas
Gozag
Hepliaklqana
Kikubaaqudgha
Makhleb
Sif Muna
Vehumet
Wu Jian
Xom
Jiyva
Lugonu

Shops:
D:6 *   D:12 *   Orc:1 :[?   Orc:2 ==?(   Elf:1 *   Elf:2 *   Snake:1 (*[
Snake:3 [   Snake:4 ([(   Vaults:2 *   Vaults:5 ??!   Depths:1 [

Portals:
Hell: Depths:1 Depths:2
Abyss: Lair:5 Depths:1 Depths:3
Pandemonium: Depths:2
Ziggurat: Depths:1

Annotations:
D:5 exclusion: door
Lair:1 exclusion: oklob plant
Lair:4 corrupted
Lair:5 exclusion: 2 oklob plants
Shoals:4 corrupted
Snake:3 corrupted
Snake:4 corrupted
Orc:1 2 transporters, Nesh's ghost, journeyman OpSh
Orc:2 corrupted
Vaults:5 corrupted
Zot:5 corrupted
Abyss:1 Bai Suzhen; Polyphemus; ketchum's ghost, adept TrSh


Innate Abilities, Weirdness & Mutations

You have a pair of large horns on your head.
Your demonic aura causes all spilled blood to erupt in flames.
You are robust. (+10% HP)
When hurt, damage is shared between your health and your magic reserves.
You regenerate magic rapidly.
When low on magic, you restore magic in place of health.
You have an absolutely massive brain. (Int +6, Wiz)
Your mind is acute. (Int +4, Str/Dex -1)
You are strong-willed. (Will+)
You are vulnerable to heat. (rF-)
You occasionally lose the ability to drink potions when taking damage.


Message History

The sun demon closely misses you.
You hit the sun demon but do no damage.
The sun demon is devoured by a tear in reality.
Lugonu claims a new guest.
You hit the sun demon. You headbutt the sun demon!
You completely miss the sun demon.
The sun demon is moderately wounded.
The sun demon blinks!
You block the sun demon's attack.
You puncture the sun demon! You closely miss the sun demon.
The sun demon is moderately wounded.
You hit the sun demon but do no damage.
Space warps around the sun demon.
You headbutt the sun demon! You puncture the sun demon!
The sun demon is devoured by a tear in reality.
Lugonu claims a new guest.
The sun demon hits you!
You are engulfed in flames!
You resist.
You puncture the sun demon!
Space warps around the sun demon.
You hit the sun demon.
The sun demon is severely wounded.
The sun demon blinks!
You block the sun demon's attack.
You closely miss the sun demon. You headbutt the sun demon!
You puncture the sun demon!
You kill the sun demon!
Lugonu accepts your kill.
No target in view!
What level of the Dungeon? (default 1, ? - help)
A Tzitzimitl comes into view.
There is a stone staircase leading up here.
You climb upwards.
There is a stone staircase leading down here.
What level of the Dungeon? (default 1, ? - help) HP restored.
There is a stone staircase leading up here.
You climb upwards.
A small abomination and a lich come into view.
There is a stone staircase leading down here.
The lich shouts!
There is an open door here.
There is a staircase leading out of the dungeon here.
You have escaped!

###########
##.+..≈~.#@#
#######..#.~P≈≈#.#
....#....#~..~~#x#
###.#.##.#~.....P#
# #.#.#..#~..~PP~#
# #.#.#..#.≈x≈PPP#
# #.#.#.(L.~~P.≈~#
###.#.#..#########
........>......#


You could see a small abomination.

Vanquished Creatures
  3 dread liches
  An orb of fire (Zot:5)
  Xtahua (Vaults:4)
  2 Killer Klowns (Zot:5)
  A golden dragon (Vaults:5)
  Nikola (Elf:1)
  A bone dragon (Abyss:2)
  Jory (Abyss:3)
  3 tentacled monstrosities
  Zenata (Abyss:2)
  A titan (Abyss:2)
  10 Orb Guardians
  A moon troll (WizLab)
  2 Ice Fiends
  2 liches
  6 sphinxes
  A deep elf blademaster (Elf:2)
  A deep elf master archer (Elf:3)
  A quicksilver dragon (WizLab)
  2 Executioners
  A death cob (Zot:5)
  A kraken (Shoals:4)
  Frances (Snake:1)
  8 tentacled starspawn
  2 ancient champions (Crypt:2)
  A shadow dragon (Depths:4)
  Aizul (Snake:3)
  A fire giant (Depths:3)
  A protean progenitor (Zot:5)
  A daeva (Depths:1)
  3 revenants
  6 draconian monks
  2 tengu reavers
  7 nagarajas
  11 vault wardens
  6 deep elf sorcerers
  A draconian scorcher (Zot:4)
  5 balrugs
  9 frost giants
  2 draconian shifters
  5 ghouls
  A curse skull (Crypt:3)
  6 deep elf elementalists (Elf:3)
  A reaper (Crypt:2)
  A cacodemon (WizLab)
  A draconian annihilator (Depths:4)
  10 ironbound preservers
  3 ironbound thunderhulks
  14 stone giants
  3 vampire knights
  A juggernaut skeleton (Depths:1)
  A caustic shrike skeleton (Abyss:2)
  7 green draconians
  A formless jellyfish (Vaults:3)
  4 deep elf death magi
  6 black draconians
  17 very ugly things
  7 dire elephants
  9 deep elf demonologists
  4 war gargoyles
  7 deep elf annihilators
  A yellow draconian (Zot:4)
  4 purple draconians
  4 white draconians (Depths:4)
  7 red draconians
  A green death (D:15)
  A quicksilver dragon zombie (Crypt:1)
  A crystal guardian (Vaults:2)
  An eidolon (Crypt:2)
  4 merfolk impalers
  A mummy priest (Crypt:3)
  4 deep elf high priests
  3 blizzard demons
  Josephine (Snake:1)
  7 ettins
  6 fire dragons
  13 yaktaur captains
  9 jiangshi
  An entropy weaver (shapeshifter) (Abyss:3)
  2 entropy weavers (Vaults:3)
  A salamander tyrant (Snake:2)
  9 great orbs of eyes
  29 vault guards
  9 ice dragons
  5 rakshasas
  3 peacekeepers
  Erolcha (Abyss:3)
  3 catoblepae
  A spriggan air mage (Depths:2)
  Harold (Abyss:2)
  4 death knights
  7 ogre magi
  5 hydras
  2 boulder beetles
  13 starcursed masses
  2 merfolk aquamancers
  A satyr (shapeshifter) (Vaults:5)
  3 merfolk avatars (Shoals:2)
  10 anacondas
  18 centaur warriors
  16 two-headed ogres
  10 ironbound frosthearts
  3 deep troll shamans
  3 satyrs (Shoals:4)
  21 dancing weapons
  7 deep troll earth magi
  7 tengu warriors
  2 hell hogs (Depths:2)
  6 death yaks
  9 naga warriors
  An orc high priest (Elf:1)
  9 vampire magi
  4 spectral storm dragons (Crypt:2)
  2 thrashing horrors
  19 hell knights
  4 sun demons
  13 shock serpents
  2 soul eaters
  10 deep elf knights
  6 naga sharpshooters
  3 spriggan berserkers
  Amaemon (Lair:2)
  Nergalle (Orc:1)
  3 wretched stars
  5 iron trolls
  2 shadow wraiths (Crypt:2)
  An orange crystal statue (WizLab)
  2 salamander mystics
  A fire crab (shapeshifter) (Lair:5)
  2 sixfirhies
  26 skeletal warriors
  A death drake (Depths:4)
  2 bunyip zombies
  A golden dragon zombie (Abyss:2)
  3 naga ritualists
  2 skysharks
  2 obsidian statues
  36 deep trolls
  15 sea snakes
  A shadow demon (D:6)
  7 bog bodies
  7 glowing orange brains
  3 flayed ghosts
  An anaconda zombie (Crypt:3)
  3 arcanists
  Pikel (D:6)
  5 harpies
  10 deep elf archers
  An anaconda skeleton (Abyss:2)
  5 necromancers
  8 lindwurms
  A faun (shapeshifter) (Depths:2)
  13 ironbound convokers
  A harpy (shapeshifter) (Elf:3)
  10 phantasmal warriors
  6 orc knights
  3 mana vipers
  6 lightning spires (Abyss:3)
  32 ugly things
  A spectral fire dragon (Crypt:2)
  9 cyclopes
  17 deep elf pyromancers
  22 deep elf zephyrmancers
  3 orc sorcerers
  7 elephants
  2 spectral ice dragons (Crypt:2)
  13 manticores
  Maurice (D:7)
  9 fauns
  A stone giant zombie (Crypt:1)
  8 salamanders
  8 merfolk sirens
  5 moths of wrath
  16 vault sentinels
  5 large abominations
  A meliai (shapeshifter) (D:15)
  A stone giant skeleton (Crypt:3)
  2 naga zombies
  3 eyes of devastation (WizLab)
  2 guardian serpents (Snake:1)
  25 black mambas
  4 gargoyles
  11 naga magi
  A frost giant skeleton (Depths:1)
  2 ice statues (Snake:4)
  5 fire giant skeletons
  4 torpor snails
  8 smoke demons
  3 orange demons
  7 water nymphs
  2 minotaur zombies (Gauntlet)
  2 rime drakes (Lair:4)
  A dire elephant skeleton (Crypt:3)
  3 unseen horrors
  3 kobold demonologists
  2 cane toads
  3 anaconda simulacra (IceCv)
  8 komodo dragons
  2 ice devils (IceCv)
  A rime drake (shapeshifter) (D:14)
  32 yaktaurs
  2 golden dragon simulacra (IceCv)
  17 freezing wraiths
  4 tengu conjurers
  2 ancient zymes (Abyss:2)
  A polar bear (shapeshifter) (Elf:1)
  A tormentor (Depths:4)
  4 trolls
  3 wind drakes
  15 merfolk
  2 alligator simulacra (IceCv)
  3 hornets
  A hellwing (Abyss:2)
  2 polar bears
  7 raiju
  A hydra skeleton (Crypt:3)
  A death drake skeleton (Crypt:1)
  12 snapping turtles
  Prince Ribbit (D:8)
  16 blink frogs
  A fire dragon zombie (Crypt:2)
  A glass eye (Depths:2)
  2 harpy skeletons (Crypt:3)
  A raiju (shapeshifter) (D:14)
  A sun moth zombie (Crypt:2)
  A snapping turtle (shapeshifter) (Vaults:2)
  A frost giant simulacrum (Depths:1)
  8 dream sheep
  33 slime creatures
  14 water elementals
  29 yaks
  10 wraiths
  2 ynoxinuls
  7 shadows
  3 air elementals (Elf:1)
  3 vampires (Crypt:3)
  2 spriggans
  2 fire dragon skeletons (Crypt:3)
  4 dire elephant simulacra (IceCv)
  4 basilisks
  8 fire bats
  4 wyverns
  2 golden eyes (WizLab)
  8 fire elementals
  15 humans
  13 redbacks
  2 minotaur simulacra (IceCv)
  2 wargs
  A neqoxec (WizLab)
  A steam dragon (D:5)
  25 nagas
  A fire bat zombie (Crypt:2)
  12 vampire mosquitoes
  3 chaos spawn
  13 small abominations
  3 harpy simulacra
  Edmund (D:4)
  3 acid dragons
  A deep troll zombie (Crypt:3)
  A hydra simulacrum (IceCv)
  16 water moccasins
  A sky beast (D:7)
  A naga skeleton (Crypt:3)
  2 ice beasts
  24 laughing skulls
  An ettin simulacrum (IceCv)
  13 orc warriors
  10 wolves
  18 ogres
  4 black bears
  12 boggarts
  14 centaurs
  3 lemures (D:5)
  6 kobold brigands
  3 phantoms
  14 bullfrogs
  5 earth elementals
  2 necrophages (Crypt:2)
  2 deep troll simulacra (IceCv)
  A warg zombie (Crypt:2)
  A gnoll sergeant (D:6)
  2 scorpions
  4 wights (D:10)
  A queen bee zombie (Crypt:1)
  5 howler monkeys
  2 lindwurm simulacra (IceCv)
  12 electric eels
  A wolf zombie (Crypt:2)
  A bombardier beetle (D:5)
  6 lava snakes (Volcano)
  4 hounds
  13 orc priests
  An iron imp (Abyss:2)
  2 jellies
  4 iguanas
  25 orc wizards
  2 sleepcaps (D:6)
  Ijyb (D:5)
  A brain worm zombie (Crypt:2)
  12 gnolls
  6 adders
  3 ribbon worms
  6 shadow imps
  5 white imps
  6 ufetubi
  A lava snake zombie (Crypt:2)
  A lava snake skeleton (Crypt:2)
  4 dart slugs
  76 orcs
  7 ball pythons
  4 bats
  8 endoplasms
  5 giant cockroaches
  8 goblins
  7 hobgoblins
  4 jackals
  2 quokkas
  3 frilled lizards
  A gnoll skeleton (Crypt:1)
  A hobgoblin zombie (Crypt:1)
  13 kobolds
  A kobold zombie (Crypt:2)
  4 rats (D:2)
  A rat skeleton (Crypt:2)
  An aspiring flesh (Zot:5)
  A lurking horror (Abyss:3)
  16 starspawn tentacles
  3 tentacles (Shoals:4)
1864 creatures vanquished.

Vanquished Creatures (collateral kills)
  A tentacled starspawn (WizLab)
  2 tengu reavers
  A fire giant (Vaults:5)
  A vault warden (Vaults:3)
  2 very ugly things (Depths:2)
  A stone giant (Vaults:5)
  A war gargoyle (Vaults:2)
  A fire dragon (Depths:2)
  A great orb of eyes (Vaults:2)
  A vault guard (Vaults:3)
  A two-headed ogre (D:15)
  A centaur warrior (D:15)
  2 ironbound frosthearts
  4 hell knights
  2 glowing orange brains (WizLab)
  A deep troll (Vaults:2)
  2 ironbound convokers
  An ugly thing (WizLab)
  A manticore (D:15)
  2 vault sentinels (Vaults:3)
  A slime creature (Vaults:2)
  An eye of devastation (WizLab)
  3 yaktaurs (Vaults:3)
  A wind drake (shapeshifter) (D:15)
  An alligator simulacrum (IceCv)
  A raiju (Abyss:3)
  2 golden eyes (WizLab)
  A sky beast (shapeshifter) (Depths:2)
40 creatures vanquished.

Vanquished Creatures (others)
  A dread lich (Zot:5)
  Mara (Vaults:5)
  2 ancient liches
  2 Killer Klowns (Zot:5)
  An electric golem (Zot:5)
  A lich (Depths:2)
  5 Orb Guardians (Zot:5)
  A sphinx (Vaults:5)
  2 titans (Vaults:5)
  A kraken (Shoals:4)
  2 quicksilver dragons
  Kirke (Snake:4)
  A tengu reaver (Vaults:5)
  3 shadow dragons (Vaults:5)
  2 nagarajas (Snake:4)
  2 storm dragons (Vaults:5)
  An iron dragon (Vaults:5)
  3 vault wardens (Vaults:5)
  An ironbound preserver (Vaults:5)
  4 stone giants (Vaults:5)
  A very ugly thing (Vaults:5)
  2 deep elf demonologists (Vaults:5)
  A purple draconian (Zot:5)
  An ettin (Vaults:5)
  A merfolk impaler (Shoals:4)
  3 merfolk javelineers (Shoals:4)
  4 yaktaur captains (Vaults:5)
  4 vault guards (Vaults:5)
  5 ogre magi
  2 merfolk aquamancers (Shoals:4)
  2 naga warriors (Snake:4)
  A deep troll earth mage (Vaults:5)
  A merfolk avatar (Shoals:4)
  4 naga sharpshooters
  A deep elf knight (Elf:3)
  2 deep trolls (Vaults:5)
  An ironbound convoker (Vaults:5)
  A cyclops (Shoals:4)
  2 deep elf pyromancers
  A mana viper (Snake:3)
  3 orc sorcerers (Orc:2)
  A deep elf zephyrmancer (Elf:1)
  6 manticores (Shoals:4)
  3 salamanders (Snake:3)
  2 moths of wrath (Zot:5)
  2 elephants (Zot:5)
  A merfolk siren (Shoals:4)
  2 black mambas
  A guardian serpent (Snake:3)
  A cane toad (Lair:4)
  2 vault sentinels (Vaults:5)
  3 naga magi (Snake:4)
  A rime drake (Lair:4)
  A freezing wraith (Vaults:5)
  2 merfolk (Shoals:4)
  A wind drake (Shoals:4)
  5 blink frogs (Lair:4)
  A snapping turtle (Shoals:4)
  A culicivora (Vaults:5)
  3 hogs (Snake:4)
  A human (D:13)
  A water elemental (Shoals:4)
  A redback (Vaults:5)
  A warg (Orc:2)
  13 nagas
  A black bear (Lair:4)
  5 ogres (Orc:2)
  A boggart (Vaults:1)
  A bullfrog (Lair:4)
  15 orc wizards
  3 orcs (Orc:2)
  6 foxfires (Vaults:5)
  41 starspawn tentacles
  2 tentacles (Shoals:4)
211 creatures vanquished.

Grand Total: 2115 creatures vanquished

Notes
Turn   | Place    | Note
-------+----------+-------------------------------------------
     0 | D:1      | freelancePsychic the Demonspawn Monk began the quest for
                  | the Orb.
     0 | D:1      | Reached XP level 1. HP: 18/18 MP: 1/1
   127 | D:1      | Found a faded altar of an unknown god.
   134 | D:1      | Prayed at the altar of an unknown god.
   134 | D:1      | Became a worshipper of Lugonu the Unformed
   134 | D:1      | Reached * piety under Lugonu
   134 | D:1      | Reached ** piety under Lugonu
   250 | D:1      | Gained mutation: You have an unusually large brain. (Int
                  | +2) [demonic ancestry]
   250 | D:1      | Reached XP level 2. HP: 24/24 MP: 2/2
   340 | D:1      | Reached skill level 1 in Invocations
   394 | D:1      | Reached *** piety under Lugonu
  1075 | D:2      | Found a shadowy altar of Dithmenos.
  1168 | D:2      | Reached XP level 3. HP: 29/29 MP: 4/4
  1254 | D:2      | Reached skill level 2 in Invocations
  1325 | D:2      | Reached XP level 4. HP: 36/37 MP: 5/5
  2104 | D:2      | Reached skill level 1 in Polearms
  2104 | D:2      | Gained mutation: Your demonic aura sometimes causes spilled
                  | blood to erupt in flames. [demonic ancestry]
  2104 | D:2      | Reached XP level 5. HP: 37/42 MP: 7/7
  2342 | D:2      | Reached **** piety under Lugonu
  2524 | D:3      | Found a shadowy altar of Dithmenos.
  2624 | D:3      | Found an ancient bone altar of Kikubaaqudgha.
  2752 | D:3      | Reached skill level 3 in Invocations
  2819 | D:3      | Found a hazy altar of Hepliaklqana.
  3225 | D:4      | Reached XP level 6. HP: 49/49 MP: 8/8
  3238 | D:4      | Reached skill level 4 in Invocations
  3315 | D:4      | Noticed an ice beast
  3334 | D:4      | Banished an ice beast
  3335 | D:4      | Reached skill level 5 in Short Blades
  3351 | D:4      | Gained mutation: You have a pair of small horns on your
                  | head. [demonic ancestry]
  3351 | D:4      | Reached XP level 7. HP: 55/55 MP: 10/10
  3488 | D:4      | Reached skill level 5 in Fighting
  3491 | D:4      | Found a staircase to the Ecumenical Temple.
  3613 | D:4      | Reached skill level 5 in Invocations
  3877 | D:4      | Found a burning altar of Makhleb.
  3987 | D:5      | Entered Level 5 of the Dungeon
  3991 | D:5      | Noticed Edmund
  3998 | D:5      | Noticed Ijyb
  4006 | D:4      | Killed Edmund
  4007 | D:4      | Gained mutation: Your demonic aura often causes spilled
                  | blood to erupt in flames. [demonic ancestry]
  4007 | D:4      | Reached XP level 8. HP: 30/63 MP: 7/12
  4027 | D:4      | Reached skill level 6 in Invocations
  4161 | D:5      | Killed Ijyb
  4358 | D:5      | Found a shimmering blue altar of Sif Muna.
  5251 | D:5      | Reached skill level 7 in Invocations
  5321 | D:6      | Found a shimmering altar of Xom.
  5323 | D:6      | Noticed Pikel
  5472 | D:6      | Killed Pikel
  5473 | D:6      | Reached XP level 9. HP: 38/71 MP: 14/14
  6156 | D:6      | Found Fupyn's Assorted Antiques.
  6164 | D:6      | Bought a scroll labelled SOTAOQYOMP for 28 gold pieces
  6164 | D:6      | Bought a scroll labelled SOTAOQYOMP for 28 gold pieces
  6164 | D:6      | Bought a scroll labelled FEDEQILAGIL for 28 gold pieces
  6164 | D:6      | Bought a scroll labelled BYUC QOUQ UTI for 28 gold pieces
  6164 | D:6      | Bought a scroll labelled LUHUT KOXKATEL for 28 gold pieces
  6164 | D:6      | Bought a green potion for 25 gold pieces
  6164 | D:6      | Bought a lumpy grey potion for 25 gold pieces
  6228 | D:6      | Reached skill level 8 in Invocations
  6325 | D:6      | You fall into a shaft and drop 2 floors!
  6336 | D:8      | Noticed Prince Ribbit
  6350 | D:8      | Killed Prince Ribbit
  6531 | D:8      | Reached ***** piety under Lugonu
  6684 | D:8      | Found a staircase to the Lair.
  7393 | D:9      | Reached skill level 9 in Invocations
  7493 | D:8      | Noticed a rime drake
  7500 | D:8      | a rime drake changed into a komodo dragon
  7500 | D:8      | Noticed a komodo dragon (shapeshifter)
  7579 | D:8      | Banished a komodo dragon
  7592 | D:9      | Noticed a komodo dragon
  7598 | D:9      | Banished a komodo dragon
  7599 | D:9      | Gained mutation: You have a pair of horns on your head.
                  | [demonic ancestry]
  7599 | D:9      | Reached XP level 10. HP: 27/80 MP: 6/17
  7742 | D:9      | Found a blossoming altar of Fedhas.
  7795 | D:8      | Noticed a manticore
  7804 | D:8      | Banished a manticore
  7915 | D:8      | Noticed a tengu warrior
  7922 | D:8      | Banished a tengu warrior
  7923 | D:8      | Reached skill level 10 in Invocations
  8124 | D:7      | Reached skill level 5 in Dodging
  8437 | D:7      | Found an ornate altar of the Wu Jian Council.
  8524 | D:7      | Noticed Maurice
  8548 | D:7      | Killed Maurice
  8549 | D:7      | Reached skill level 1 in Evocations
  9577 | D:9      | Found a staircase to the Orcish Mines.
  9704 | D:9      | Noticed Harold
  9705 | D:9      | Banished Harold
 10473 | D:10     | Entered Level 10 of the Dungeon
 10486 | D:10     | Reached XP level 11. HP: 90/90 MP: 18/18
 10487 | D:10     | Noticed a two-headed ogre
 10499 | D:10     | Killed a two-headed ogre
 10530 | D:10     | Found a portal to a secret trove of treasure.
 10599 | D:10     | Reached skill level 10 in Fighting
 10903 | D:10     | Noticed a two-headed ogre
 10924 | D:10     | Banished a two-headed ogre
 11130 | D:10     | Reached skill level 5 in Evocations
 12206 | D:11     | Noticed a two-headed ogre
 12218 | D:11     | Noticed a sun demon
 12224 | D:11     | Noticed a sun demon
 12332 | D:11     | Noticed a sixfirhy
 12347 | D:11     | Noticed a two-headed ogre
 12348 | D:11     | Reached skill level 1 in Armour
 12730 | D:11     | Killed a two-headed ogre
 12741 | D:11     | Banished a two-headed ogre
 13036 | D:11     | Noticed a boulder beetle
 13050 | D:11     | Banished a boulder beetle
 13076 | D:11     | Gained mutation: Your demonic aura causes all spilled blood
                  | to erupt in flames. [demonic ancestry]
 13076 | D:11     | Reached XP level 12. HP: 100/100 MP: 19/19
 13450 | D:12     | Found the +4 robe of Augmentation {Str+4 Int+4 Dex+4}
 13721 | D:12     | Found Wikil's General Store.
 13734 | D:12     | Noticed a boulder beetle
 13760 | D:12     | Banished a boulder beetle
 13761 | D:12     | Reached skill level 11 in Invocations
 14297 | D:11     | Identified a scroll of acquirement
 14301 | D:11     | Acquired the +6 quick blade of Xom's Respect {heavy, rCorr
                  | SInv}
 14311 | D:11     | HP: 5/102 [slime creature (11)]
 14902 | D:13     | Noticed a rakshasa
 14902 | D:13     | Noticed a two-headed ogre
 14902 | D:13     | Noticed a centaur warrior
 14902 | D:13     | Found a gate to the Vaults.
 15047 | Lair:1   | Entered Level 1 of the Lair of Beasts
 15755 | Lair:1   | Found a hazy altar of Hepliaklqana.
 15893 | Lair:1   | Reached skill level 5 in Armour
 16371 | Lair:2   | Reached skill level 12 in Invocations
 16407 | Lair:2   | Noticed Amaemon
 16420 | Lair:2   | Killed Amaemon
 16514 | Lair:2   | Found a staircase to the Snake Pit.
 16850 | Lair:2   | Reached skill level 10 in Short Blades
 17044 | Lair:2   | Found a radiant altar of Vehumet.
 17249 | Lair:2   | Found a snail-covered altar of Cheibriados.
 17485 | Lair:3   | Gained mutation: You regenerate magic rapidly. [demonic
                  | ancestry]
 17485 | Lair:3   | Reached XP level 13. HP: 109/109 MP: 22/22
 17592 | Lair:3   | Found a staircase to the Shoals.
 18258 | Lair:3   | Reached skill level 13 in Invocations
 18483 | Snake:1  | Entered Level 1 of the Snake Pit
 20078 | Lair:4   | Reached skill level 14 in Invocations
 20760 | Lair:4   | Corrupted Lair:4
 20760 | Lair:4   | Noticed an ancient lich
 20760 | Lair:4   | Noticed a black draconian
 20760 | Lair:4   | Noticed a lorocyproca
 20760 | Lair:4   | Noticed a starcursed mass
 20785 | Lair:4   | Noticed a balrug
 20800 | Lair:4   | Noticed a cacodemon
 20817 | Lair:4   | Noticed a starcursed mass
 21494 | Lair:5   | Entered Level 5 of the Lair of Beasts
 21838 | Lair:5   | Found a staircase to the Slime Pits.
 21839 | Lair:5   | Found a viscous altar of Jiyva.
 22079 | Lair:5   | Reached XP level 14. HP: 23/119 MP: 25/25
 22493 | Lair:5   | Reached skill level 15 in Invocations
 23195 | Lair:5   | Found a corrupted altar of Lugonu.
 23195 | Lair:5   | Found a one-way gate to the infinite horrors of the Abyss.
 23968 | Orc:1    | Entered Level 1 of the Orcish Mines
 23977 | Orc:1    | Found a transporter.
 23978 | Orc:1    | Noticed Nesh's ghost (journeyman OpSh)
 23980 | Orc:1    | Found a transporter.
 24019 | Orc:1    | Noticed Nergalle
 24028 | Orc:1    | Killed Nergalle
 24044 | Orc:1    | Found Lasuank's Magic Scroll Shoppe.
 24051 | Orc:1    | Reached skill level 15 in Fighting
 24075 | Orc:1    | Reached skill level 10 in Armour
 24104 | Orc:1    | Found Fosch's Antique Armour Boutique.
 24104 | Orc:1    | Found Vag Faaf's Book Boutique.
 24120 | Orc:1    | Found a dark tunnel.
 24126 | Volcano  | Entered a volcano
 24677 | Volcano  | Found a radiant altar of Vehumet.
 25169 | Orc:2    | Entered Level 2 of the Orcish Mines
 25556 | Orc:2    | Found a staircase to the Elven Halls.
 25698 | Orc:2    | Corrupted Orc:2
 25698 | Orc:2    | Noticed a tentacled starspawn
 25723 | Orc:2    | Reached skill level 1 in Shields
 25732 | Orc:2    | Noticed a green very ugly thing
 25737 | Orc:2    | Noticed a brown very ugly thing
 25737 | Orc:2    | Noticed a red very ugly thing
 25737 | Orc:2    | Noticed an ironbound thunderhulk
 25765 | Orc:2    | Found Haroc's Antique Weapon Shop.
 25777 | Orc:2    | Bought a crystal rapier for 261 gold pieces
 25777 | Orc:2    | Identified the +7 rapier "Foizasch" {venom, rCorr Stlth+}
                  | (You bought it in a shop on level 2 of the Orcish Mines)
 25810 | Orc:2    | Found a radiant altar of Vehumet.
 25812 | Orc:2    | Found Arrucw's Magic Scroll Boutique.
 25822 | Orc:2    | Found an ancient bone altar of Kikubaaqudgha.
 25832 | Orc:2    | Found Taciosh's Jewellery Boutique.
 25862 | Orc:2    | Found Qifial's Jewellery Shop.
 26426 | Orc:2    | Bought the ring "Serr" {rElec rF+ rN+ MP+9} for 678 gold
                  | pieces
 27010 | D:13     | Noticed Erolcha
 27015 | D:13     | Gained mutation: You have an extremely huge brain. (Int +4)
                  | [demonic ancestry]
 27015 | D:13     | Reached XP level 15. HP: 125/130 MP: 26/26
 27017 | D:13     | Banished Erolcha
 27674 | D:13     | Found a snail-covered altar of Cheibriados.
 28152 | D:14     | Found the +2 hood of the Assassin {Detect Stab+ Stlth++}
 28191 | D:14     | Identified the +0 robe "Mublom" {rC+++ Str-2 Int+8 Dex-2}
 28265 | D:14     | Identified the +4 hand axe of Intuition {heavy, *Noise
                  | Str+7 Int+4}
 28282 | D:14     | Identified the staff of Dismemberment {rF+ rN+ Int+3 Necro}
 28364 | D:14     | Identified the +3 ring mail of Suimy {Str+4}
 28581 | D:14     | Reached skill level 5 in Shields
 28917 | D:15     | Entered Level 15 of the Dungeon
 28938 | D:15     | Found a gate leading to a gauntlet.
 28947 | Gauntlet | Entered a Gauntlet
 28947 | Gauntlet | Found a transporter.
 28947 | Gauntlet | Found a transporter.
 28951 | Gauntlet | Found a transporter.
 28960 | Gauntlet | Found a transporter.
 28984 | Gauntlet | Found a transporter.
 28985 | Gauntlet | Found a large runed translucent door.
 28986 | Gauntlet | Found a large runed translucent door.
 28987 | Gauntlet | Found a large runed translucent door.
 28987 | Gauntlet | Found a large runed translucent door.
 28988 | Gauntlet | Found a transporter.
 28989 | Gauntlet | Found a runed translucent gate.
 28990 | Gauntlet | Found a transporter.
 28990 | Gauntlet | Found a transporter.
 28990 | Gauntlet | Found a runed translucent gate.
 28994 | Gauntlet | Found a transporter.
 28998 | Gauntlet | Found a runed translucent gate.
 29000 | Gauntlet | Found a large runed translucent door.
 29001 | Gauntlet | Found a large runed translucent door.
 29005 | Gauntlet | Found a large runed translucent door.
 29006 | Gauntlet | Found a large runed translucent door.
 29012 | Gauntlet | Found a large runed translucent door.
 29012 | Gauntlet | Found a large runed translucent door.
 29012 | Gauntlet | Found a runed translucent door.
 29012 | Gauntlet | Found a runed translucent door.
 29013 | Gauntlet | Found a large runed translucent door.
 29014 | Gauntlet | Found a large runed translucent door.
 29016 | Gauntlet | Found a transporter.
 29025 | Gauntlet | Found a transporter.
 29034 | Gauntlet | Found a transporter.
 29079 | Gauntlet | Found a transporter.
 29095 | Gauntlet | Found a transporter.
 29196 | Gauntlet | Found a transporter.
 29212 | Gauntlet | Found a transporter.
 29227 | Gauntlet | Found a large runed translucent door.
 29227 | Gauntlet | Found a large runed translucent door.
 29228 | Gauntlet | Found a large runed translucent door.
 29229 | Gauntlet | Found a large runed translucent door.
 29367 | Gauntlet | Identified the ring "Ajeat" {+Blink rPois Will+ EV+5 Int+3
                  | Stlth-}
 30319 | D:15     | Found a staircase to the Depths.
 30330 | D:15     | Gained mutation: When hurt, damage is shared between your
                  | health and your magic reserves. [demonic ancestry]
 30330 | D:15     | Reached XP level 16. HP: 132/139 MP: 27/27
 30890 | Slime:1  | Entered Level 1 of the Pits of Slime
 30990 | Snake:1  | Noticed Josephine
 31001 | Snake:1  | Killed Josephine
 31111 | Snake:1  | Found Sierr's Antique Weapon Shoppe.
 31115 | Snake:1  | Found Byicw's General Store.
 31118 | Snake:1  | Found Ycseseg's Antique Armour Shoppe.
 31123 | Snake:1  | Bought a scroll of teleportation for 42 gold pieces
 31123 | Snake:1  | Bought a scroll of blinking for 105 gold pieces
 31123 | Snake:1  | Bought a scroll of teleportation for 42 gold pieces
 31249 | Snake:1  | Noticed Frances
 31268 | Snake:1  | Killed Frances
 31392 | Snake:1  | Identified the +6 mace "Vekublaj" {flame, rC- MP+9 Dex+2}
 32008 | Snake:2  | Reached ****** piety under Lugonu
 32483 | Snake:3  | Corrupted Snake:3
 32483 | Snake:3  | Noticed an Executioner
 32487 | Snake:3  | Gained mutation: You are dopey. (Int -2) [a neqoxec]
 32558 | Snake:3  | Identified the serpent talisman of the Thistle {rCorr}
 32558 | Snake:3  | Noticed Aizul
 32571 | Snake:3  | Killed Aizul
 32896 | Snake:3  | Found Ofusyk's Antique Armour Emporium.
 32939 | Snake:3  | Bought a fading buckler for 180 gold pieces
 32939 | Snake:3  | Identified the +1 buckler of Kuaweudgh {rN+ Str-3 Dex+2}
                  | (You bought it in a shop on level 3 of the Snake Pit)
 33207 | Snake:4  | Entered Level 4 of the Snake Pit
 33208 | Snake:4  | Found a frozen archway.
 33243 | IceCv    | Entered an ice cave
 33712 | IceCv    | Gained mutation: You have an absolutely massive brain. (Int
                  | +6, Wiz) [demonic ancestry]
 33712 | IceCv    | Reached XP level 17. HP: 146/149 MP: 26/28
 33816 | IceCv    | Found an ancient bone altar of Kikubaaqudgha.
 33826 | IceCv    | Reached skill level 16 in Invocations
 34033 | IceCv    | Noticed a lich
 34048 | IceCv    | Killed a lich
 34071 | IceCv    | Identified the +0 shortbow of Irphix {freeze, rN+ Int+4
                  | SInv}
 34239 | Snake:4  | Found Datok's Antique Weapon Shoppe.
 34241 | Snake:4  | Found Semin's Antique Armour Emporium.
 34242 | Snake:4  | Found Howaem's Antique Weapon Boutique.
 34505 | Snake:4  | Identified the +3 plate armour of Modesty {-Tele rPois
                  | Regen+}
 34784 | Snake:4  | Corrupted Snake:4
 34840 | Snake:4  | Killed Kirke
 35006 | Snake:4  | Reached skill level 17 in Invocations
 35126 | Snake:4  | Got a serpentine rune of Zot
 35546 | Shoals:1 | Entered Level 1 of the Shoals
 36804 | Shoals:2 | Reached skill level 1 in Necromancy
 36824 | Shoals:2 | Noticed Polyphemus
 37121 | Shoals:2 | Banished Polyphemus
 37376 | Shoals:2 | You fall into a shaft and drop 1 floor!
 37386 | Shoals:3 | Upgraded the game from 0.31-a0-1499-ge0622b2318 to
                  | 0.31-a0-1522-g43313d8a59
 37953 | Shoals:4 | Entered Level 4 of the Shoals
 37990 | Shoals:4 | Reached skill level 5 in Necromancy
 38075 | Shoals:4 | Learned a level 3 spell: Fugue of the Fallen
 38199 | Shoals:4 | Reached XP level 18. HP: 138/160 MP: 30/30
 38433 | Shoals:4 | Identified the +0 crystal plate armour of Plog {rPois Str+4
                  | Dex-3}
 38701 | Shoals:4 | Corrupted Shoals:4
 38856 | Shoals:4 | Got a barnacled rune of Zot
 39036 | Shoals:4 | Identified the +9 dagger of Fabulous Optimality {flame,
                  | Str+3}
 39983 | Elf:1    | Entered Level 1 of the Elven Halls
 40099 | Elf:1    | Paralysed by an air elemental for 1 turns
 40134 | Elf:1    | Paralysed by an air elemental for 1 turns
 40142 | Elf:1    | Paralysed by an air elemental for 1 turns
 40146 | Elf:1    | Paralysed by an air elemental for 1 turns
 40493 | Elf:1    | Gained mutation: You expend magic power (3 MP) to
                  | strengthen your wands. [a neqoxec]
 40503 | Elf:1    | Gained mutation: You occasionally lose the ability to drink
                  | potions when taking damage. [a neqoxec]
 40765 | Elf:1    | Noticed Nikola
 40781 | Elf:1    | Killed Nikola
 40905 | Elf:1    | Reached skill level 10 in Necromancy
 40909 | Elf:1    | Identified the +0 ring mail of Yduvisutyo {rN+ Dex+5}
 41022 | Elf:1    | Found Duaneith's General Store.
 41034 | Elf:1    | Bought a scroll of teleportation for 39 gold pieces
 41034 | Elf:1    | Bought a scroll of teleportation for 39 gold pieces
 41324 | Elf:2    | Found Voan's Assorted Antiques.
 41332 | Elf:2    | Bought a black potion for 25 gold pieces
 41535 | Elf:2    | Identified the +1 helmet of Gluttony {Fly rF+ rN++ Regen+}
 41898 | Elf:2    | Found a huge runed translucent gate.
 41898 | Elf:2    | Found a huge runed translucent gate.
 41898 | Elf:2    | Found a huge runed translucent gate.
 41904 | Elf:2    | Found a huge runed translucent gate.
 41904 | Elf:2    | Found a huge runed translucent gate.
 42308 | Elf:2    | Identified a +7 quick blade of distortion (a +5 quick blade
                  | of distortion corrupted by Lugonu)
 42308 | Elf:2    | Received a gift from Lugonu
 42450 | Elf:3    | Entered Level 3 of the Elven Halls
 42586 | Elf:3    | Gained mutation: You have a pair of large horns on your
                  | head. [demonic ancestry]
 42586 | Elf:3    | Reached XP level 19. HP: 102/170 MP: 24/31
 42895 | Elf:3    | Identified the +4 spear of Causality {freeze, ^Drain Str+5}
 42924 | Elf:3    | Identified the ring of Gyas {Ice rElec Dex+2 SInv Stlth+}
 42954 | Elf:3    | Identified the amulet "Nedu" {Faith rF- rC+ Str+6 SInv}
 42985 | Abyss:2  | Cast into level 2 of the Abyss (a deep elf sorcerer)
 43000 | Abyss:2  | Found a corrupted altar of Lugonu.
 43023 | Abyss:2  | Found a corrupted altar of Lugonu.
 43073 | Abyss:2  | Killed Harold
 43263 | Elf:3    | Escaped the Abyss
 43283 | Elf:3    | Identified the +4 whip of Eternal Night {venom, rCorr
                  | Str+4}
 43297 | Elf:3    | Identified the ring "Coebog" {Ice rN++ rCorr MP-9 Dex+8}
 43310 | Elf:3    | Identified the +8 battleaxe of Subterfuge {speed, ^Contam
                  | rElec rN++ rCorr}
 43322 | Elf:3    | Got the Compilation of Generative Congelation
 43341 | Elf:3    | Identified the +3 spear "Tuabbos" {elec, rElec rC+ Will+}
 43401 | Elf:3    | Got the Elucidation of the Scribe
 43403 | Elf:3    | Identified the ring "Niefoceese" {Str+3 Int+6 Slay+2}
 43428 | Elf:3    | Got Sif Muna's Book of Caustic Stones
 43511 | Elf:3    | Identified the +9 broad axe of Defiance {holy, Str+3 Dex+3}
 44137 | Snake:3  | Bought transparent pearl dragon scales for 1966 gold pieces
 44137 | Snake:3  | Identified the +6 pearl dragon scales of Action {rPois rF+
                  | rN+ Slay+5} (You bought it in a shop on level 3 of the
                  | Snake Pit)
 44452 | Vaults:1 | Entered Level 1 of the Vaults
 44479 | Vaults:1 | Reached skill level 15 in Necromancy
 45450 | Vaults:1 | You fall into a shaft and drop 1 floor!
 45584 | Vaults:1 | Gained mutation: When low on magic, you restore magic in
                  | place of health. [demonic ancestry]
 45584 | Vaults:1 | Reached XP level 20. HP: 180/180 MP: 32/32
 46041 | Vaults:2 | Found a huge runed gate.
 46041 | Vaults:2 | Found a huge runed gate.
 46041 | Vaults:2 | Found a huge runed gate.
 46041 | Vaults:2 | Found a huge runed gate.
 46041 | Vaults:2 | Found a huge runed gate.
 46041 | Vaults:2 | Found a huge runed gate.
 46042 | Vaults:2 | Found a huge runed gate.
 46042 | Vaults:2 | Found a huge runed gate.
 46042 | Vaults:2 | Found a huge runed gate.
 46043 | Vaults:2 | Found a huge runed gate.
 46049 | Vaults:2 | Found a huge runed gate.
 46049 | Vaults:2 | Found a huge runed gate.
 46049 | Vaults:2 | Found a huge runed gate.
 46049 | Vaults:2 | Found a huge runed gate.
 46049 | Vaults:2 | Found a huge runed gate.
 46049 | Vaults:2 | Found a huge runed gate.
 46050 | Vaults:2 | Found a huge runed gate.
 46051 | Vaults:2 | Found a huge runed gate.
 46052 | Vaults:2 | Found a huge runed gate.
 46223 | D:10     | You paid a toll of a +8 demon trident to enter a treasure
                  | trove
 46224 | Trove    | Entered a treasure trove
 46253 | Trove    | Got Sif Muna's Anthology of Blasting and Lamentation
 46301 | Trove    | Learned a level 6 spell: Death Channel
 46478 | Vaults:2 | Found a huge runed gate.
 46478 | Vaults:2 | Found a huge runed gate.
 46478 | Vaults:2 | Found a huge runed gate.
 46478 | Vaults:2 | Found a huge runed gate.
 46478 | Vaults:2 | Found a huge runed gate.
 46478 | Vaults:2 | Found a huge runed gate.
 46479 | Vaults:2 | Found a huge runed gate.
 46480 | Vaults:2 | Found a huge runed gate.
 46481 | Vaults:2 | Found a huge runed gate.
 46501 | Vaults:2 | Learned a level 4 spell: Dispel Undead
 47063 | Vaults:2 | Reached skill level 10 in Dodging
 47111 | Vaults:2 | Found a staircase to the Crypt.
 47280 | Vaults:2 | Reached skill level 15 in Armour
 47413 | Vaults:2 | Found a runed translucent gate.
 47413 | Vaults:2 | Found a runed translucent gate.
 47413 | Vaults:2 | Found a runed translucent gate.
 47413 | Vaults:2 | Found an opulent altar of Gozag.
 47415 | Vaults:2 | Noticed ketchum's ghost (adept TrSh)
 47440 | Vaults:2 | Found a huge runed gate.
 47440 | Vaults:2 | Found a huge runed gate.
 47440 | Vaults:2 | Found a huge runed gate.
 47440 | Vaults:2 | Found a huge runed gate.
 47440 | Vaults:2 | Found a huge runed gate.
 47441 | Vaults:2 | Found a huge runed gate.
 47442 | Vaults:2 | Found a huge runed gate.
 47443 | Vaults:2 | Found a huge runed gate.
 47647 | Vaults:2 | Found Nuqaj's Assorted Antiques.
 47655 | Vaults:2 | Banished ketchum's ghost
 47734 | Vaults:2 | Bought a potion of haste for 370 gold pieces
 47734 | Vaults:2 | Bought a potion of curing for 111 gold pieces
 47893 | Vaults:2 | Lost mutation: You occasionally lose the ability to drink
                  | potions when taking damage. [potion of mutation]
 47893 | Vaults:2 | Lost mutation: You are dopey. (Int -2) [potion of mutation]
 47893 | Vaults:2 | Lost mutation: You expend magic power (3 MP) to strengthen
                  | your wands. [potion of mutation]
 47893 | Vaults:2 | Gained mutation: Armour fits poorly on your strangely
                  | shaped body. [potion of mutation]
 47893 | Vaults:2 | Gained mutation: You occasionally lose the ability to drink
                  | potions when taking damage. [potion of mutation]
 47893 | Vaults:2 | Gained mutation: You are strong-willed. (Will+) [potion of
                  | mutation]
 47894 | Vaults:2 | Lost mutation: You are strong-willed. (Will+) [potion of
                  | mutation]
 47894 | Vaults:2 | Lost mutation: You occasionally lose the ability to drink
                  | potions when taking damage. [potion of mutation]
 47894 | Vaults:2 | Lost mutation: Armour fits poorly on your strangely shaped
                  | body. [potion of mutation]
 47894 | Vaults:2 | Gained mutation: You are robust. (+10% HP) [potion of
                  | mutation]
 47963 | Vaults:3 | Reached skill level 18 in Invocations
 48107 | Vaults:3 | Reached XP level 21. HP: 186/204 MP: 34/34
 48171 | Vaults:3 | Found a magical portal.
 48191 | WizLab   | Entered Lehudib's Moon Base
 48244 | WizLab   | Found a transporter.
 48269 | WizLab   | Reached skill level 19 in Invocations
 48340 | WizLab   | Reached skill level 1 in Spellcasting
 48389 | WizLab   | Found a transporter.
 48852 | WizLab   | Paralysed by accursed screaming for 2 turns
 49015 | WizLab   | Identified the amulet of Bufir {RegenMP rElec rPois MP-9
                  | Stlth+}
 49114 | WizLab   | Reached skill level 20 in Invocations
 49173 | WizLab   | Got Lehudib's Directory of Quicksand and the Traveller
 50136 | Vaults:4 | Reached skill level 5 in Spellcasting
 50721 | Vaults:4 | Noticed Xtahua
 50742 | Vaults:4 | Killed Xtahua
 51273 | Vaults:5 | Entered Level 5 of the Vaults
 51298 | Vaults:5 | Noticed an ancient lich
 51316 | Vaults:4 | Mutation became permanent: You are robust. (+10% HP)
                  | [demonic ancestry]
 51316 | Vaults:4 | Gained mutation: You are robust. (+10% HP) [demonic
                  | ancestry]
 51316 | Vaults:4 | Reached XP level 22. HP: 170/213 MP: 36/36
 51441 | Vaults:4 | Reached skill level 21 in Invocations
 51514 | Vaults:5 | Corrupted Vaults:5
 51578 | Vaults:5 | Got the Spellbook of Cunning Attacks
 51589 | Vaults:5 | Killed an ancient lich
 51594 | Vaults:5 | Killed Mara
 51612 | Vaults:5 | Identified the +5 dagger of Theory {heavy, rElec rPois rF-
                  | Will++}
 51742 | Vaults:5 | Noticed a golden dragon
 51752 | Vaults:5 | Killed a golden dragon
 51819 | Vaults:5 | Noticed a dread lich
 51832 | Vaults:5 | Killed a dread lich
 51844 | Vaults:5 | Identified the ring "Becsia" {rPois EV+5 Dex+7 Stlth-}
 51926 | Vaults:5 | Identified the ring of Mouduicw {rF+ Str+2 SInv}
 52025 | Vaults:5 | Identified the ring of the Voivode {rElec rPois AC+4}
 52110 | Vaults:5 | Got a silver rune of Zot
 52165 | Vaults:5 | Identified the +0 plate armour of Hilluy {Slay+2}
 52246 | Vaults:5 | Got the Compendium of Allies
 52268 | Vaults:5 | Noticed an ancient lich
 52278 | Vaults:5 | Banished an ancient lich
 52352 | Vaults:5 | Found Duaschypy's Magic Scroll Shoppe.
 52357 | Vaults:5 | Bought a scroll of teleportation for 57 gold pieces
 52357 | Vaults:5 | Bought a scroll of revelation for 142 gold pieces
 52357 | Vaults:5 | Bought a scroll of blinking for 142 gold pieces
 52357 | Vaults:5 | Bought a scroll of revelation for 142 gold pieces
 52369 | Vaults:5 | Found Soenn's Magic Scroll Boutique.
 52374 | Vaults:5 | Bought a scroll of teleportation for 30 gold pieces
 52374 | Vaults:5 | Bought a scroll of teleportation for 30 gold pieces
 52474 | Vaults:5 | Found Epsiuck's Distillery.
 52479 | Vaults:5 | Bought 2 potions of invisibility for 256 gold pieces
 52783 | Crypt:1  | Entered Level 1 of the Crypt
 52909 | Crypt:1  | Noticed Jory
 52911 | Crypt:1  | Banished Jory
 53142 | Crypt:1  | Reached skill level 22 in Invocations
 53659 | Crypt:2  | Reached skill level 15 in Dodging
 54209 | Crypt:2  | Reached XP level 23. HP: 220/220 MP: 38/38
 54560 | Crypt:3  | Entered Level 3 of the Crypt
 54771 | Crypt:3  | Reached skill level 10 in Spellcasting
 54828 | Crypt:3  | Reached skill level 23 in Invocations
 54879 | Crypt:3  | Identified the +4 orcbow of the Shining Light {heavy,
                  | rPois}
 55025 | Crypt:3  | Found the +7 sceptre of Torment {pain, torment}
 55092 | Crypt:3  | Noticed Zenata
 55170 | Crypt:3  | Noticed Bai Suzhen
 55175 | Crypt:3  | Found an ancient bone altar of Kikubaaqudgha.
 55175 | Crypt:3  | Noticed an ancient lich
 55182 | Crypt:3  | Banished an ancient lich
 55611 | Crypt:3  | Noticed a dread lich
 55614 | Crypt:3  | Killed a dread lich
 55625 | Crypt:3  | Found a staircase to the Tomb.
 55646 | Crypt:3  | Identified the +1 gold dragon scales of the Maze {Rampage
                  | rPois rF+ rC+ rCorr Str+3 Stlth-}
 55659 | Crypt:3  | Identified the +1 leather armour "Hirheh" {Fly rF+ Will-}
 55759 | Crypt:3  | Identified the ring "Egahoj" {+Blink rN+ Stlth+}
 55759 | Crypt:3  | Identified the ring "Dohaira" {rElec rN+ Int+5 Stlth+}
 55851 | Crypt:3  | Banished Zenata
 55895 | Crypt:3  | Identified the ring of the Witching Gods {rN+++ rCorr AC+4
                  | Int-5 Dex-2}
 56148 | Crypt:3  | Noticed a dread lich
 56154 | Crypt:3  | Killed a dread lich
 56212 | Crypt:3  | Acquired 1083 gold pieces
 56318 | Crypt:3  | Banished Bai Suzhen
 56634 | Depths:1 | Entered Level 1 of the Depths
 56835 | Depths:1 | Voluntarily entered the Abyss.
 56892 | Abyss:2  | Killed Zenata
 56983 | Abyss:3  | Reached skill level 24 in Invocations
 57005 | Abyss:3  | Got an abyssal rune of Zot
 57020 | Abyss:3  | Killed Jory
 57022 | Abyss:3  | Killed Erolcha
 57192 | Depths:1 | Escaped the Abyss
 57369 | Depths:1 | Found a one-way gateway to a ziggurat.
 57379 | Depths:1 | Found a gateway to Hell.
 57552 | Depths:1 | Found a runed translucent door.
 57762 | Depths:1 | Found Miemiex's Armour Shoppe.
 58086 | Depths:2 | Reached XP level 24. HP: 189/228 MP: 39/39
 58114 | Depths:2 | Identified the +8 triple crossbow "Umolya" {heavy, rF+
                  | Dex+5}
 58330 | Depths:2 | Reached skill level 25 in Invocations
 58541 | Depths:2 | Found a one-way gate leading to the halls of Pandemonium.
 59577 | Depths:4 | Entered Level 4 of the Depths
 59774 | Depths:4 | Found a gate to the Realm of Zot.
 59825 | Depths:4 | Identified the +1 cloak of Ahogaily {Slay+3}
 59826 | Depths:4 | Identified the +2 robe "Riutew" {rN+ Str+2 Int-3}
 59944 | Depths:4 | Identified the ring of Tuoxaegyc {rF+ AC+4}
 59974 | Depths:4 | Got a midnight gem with 240 turns to spare
 59989 | Zot:1    | Entered Level 1 of the Realm of Zot
 60033 | Zot:2    | Reached skill level 26 in Invocations
 60110 | Zot:3    | Noticed an orb of fire
 60111 | Zot:3    | Gained mutation: Armour fits poorly on your strangely
                  | shaped body. [an orb of fire]
 60115 | Zot:3    | Banished an orb of fire
 60116 | Zot:3    | Lost mutation: Armour fits poorly on your strangely shaped
                  | body. [potion of mutation]
 60116 | Zot:3    | Gained mutation: You are strong-willed. (Will+) [potion of
                  | mutation]
 60116 | Zot:3    | Gained mutation: Your mind is acute. (Int +4, Str/Dex -1)
                  | [potion of mutation]
 60193 | Zot:4    | Reached XP level 25. HP: 166/235 MP: 39/41
 60247 | Zot:5    | Entered Level 5 of the Realm of Zot
 60268 | Zot:5    | Corrupted Zot:5
 60268 | Zot:5    | Noticed a dread lich
 60279 | Zot:5    | Killed a dread lich
 60288 | Zot:5    | Noticed an orb of fire
 60289 | Zot:5    | Noticed a Killer Klown
 60289 | Zot:5    | Noticed an orb of fire
 60289 | Zot:5    | Noticed a Killer Klown
 60290 | Zot:5    | Noticed a Killer Klown
 60290 | Zot:5    | Noticed a Killer Klown
 60290 | Zot:5    | Noticed an ancient lich
 60297 | Zot:5    | Banished an orb of fire
 60311 | Zot:5    | Killed a Killer Klown
 60315 | Zot:5    | Killed an orb of fire
 60318 | Zot:5    | Killed a Killer Klown
 60321 | Zot:5    | Killed a Killer Klown
 60336 | Zot:5    | Killed an ancient lich
 60351 | Zot:5    | Killed a Killer Klown
 60591 | Zot:5    | Noticed an orb of fire
 60597 | Zot:5    | Gained mutation: You are vulnerable to heat. (rF-) [an orb
                  | of fire]
 60599 | Zot:5    | Gained mutation: You occasionally lose the ability to drink
                  | potions when taking damage. [an orb of fire]
 60606 | Zot:5    | Banished an orb of fire
 60665 | Zot:5    | Got the Orb of Zot
 61261 | D:8      | Reached skill level 15 in Spellcasting
 61365 | D:4      | Reached skill level 27 in Invocations
 61468 | D:$      | Escaped with the Orb!

Illustrated notes

Levels and vault maps discovered:
D:1:      lightli_arrival_flooded_house, layout_basic,
          dreamdust_ecumenical_altar_hidden_monk_grotto
D:2:      minmay_thinvault, layout_loops_corners, basic_altar,
          chequers_serial_rivers_micro_c
D:3:      layout_loops_ring, nicolae_dithmenos_through_a_glass_darkly,
          mainiacjoe_overflow_catwalk, mainiacjoe_overflow_tiny_flanked
D:4:      black_bear_nest_1, layout_cave_pools, lemuel_coloured_pillars_altar,
          minmay_temple_entry_sparse_star, nicolae_nh_ransacked_shop
D:5:      layout_layer_cave, led_sif_book, minmay_misc_feat_alley, uniq_edmund,
          uniq_ijyb
D:6:      cheibrodos_barr_body, layout_basic, lemuel_crystal_altar,
          serial_shops, shop, uniq_pikel
D:7:      layout_loops_ring, mainiacjoe_overflow_boulevard,
          corexii_item_surrounded_by_moat, uniq_maurice
D:8:      cheibrodos_elevator_heist, layout_loops_ring, lair_entry_dummy,
          serial_demonic, serial_demonic_c, serial_demonic_g, serial_demonic_c,
          serial_demonic_d, uniq_prince_ribbit1
D:9:      nicolae_moon_pools, layout_basic, fedhas_bush_and_centaur_altar,
          uniq_harold
D:10:     layout_irregular_city, nicolae_trove_entry_columns,
          minmay_misc_feat_room, minmay_circle_x
D:11:     layout_rooms
D:12:     layout_basic, serial_shops, nicolae_shop_statue_plus
D:13:     layout_loops_ring, david_vaults_3, chei_slow_surprise, uniq_erolcha
D:14:     minmay_the_grid_4x2 [minmay_the_grid_holed_spiral,
          minmay_the_grid_gridbox, minmay_the_grid_outer_diamond,
          minmay_the_grid_tree, minmay_the_grid_fan, minmay_the_grid_rooms,
          minmay_the_grid_box_x, minmay_the_grid_prize_four_corners_diamond_b],
          layout_basic, serial_bayou_pond_b
D:15:     grunt_enter_depths_snipers, layout_irregular_city,
          gauntlet_entry_generic, hangedman_decor_peaks_small
Lair:1:   layout_cave_pods, lemuel_oklob_altar, grunt_megastairs_2
Lair:2:   layout_loops_ring, dummy_snake_entry, basic_altar,
          nicolae_quartered_pool_super, kennysheep_snail_temple, uniq_amaemon
Lair:3:   layout_roguey, elwin_shoals_entry_rooms, ldierk_geyser,
          hangedman_lair_unloving_vines, infiniplex_staircase_pool
Lair:4:   layout_cave_pods
Lair:5:   hellmonk_lair_end_abyssal_woods, layout_cave_pods, slime_entry_1,
          dpeg_oklob_1
Shoals:1: layout_shoals
Shoals:2: layout_shoals, uniq_polyphemus
Shoals:3: layout_shoals
Shoals:4: shoals_end_hangedman, layout_shoals
Snake:1:  nicolae_snake_unarmed_stairs_patrol, layout_misc_corridors,
          minmay_shop_star, uniq_frances, uniq_josephine
Snake:2:  layout_onion_interference, serial_bayou_shore_b
Snake:3:  layout_basic, serial_shops, nicolae_shop_crystal, uniq_aizul
Snake:4:  minmay_snake_end_coiled, layout_chambers,
          portal_ice_cave_entry_ice_statue_two, nicolae_wooded_promenade,
          uniq_kirke
Slime:1:  layout_caves
Orc:1:    layout_diamond_mine, serial_shops, shop, shop, shop,
          gammafunk_ghost_arena, nicolae_volcano_entry_hallway,
          nicolae_orc_lava_tube, uniq_nergalle
Orc:2:    kennysheep_orc_mage_school, layout_diamond_mine
Elf:1:    nicolae_elf_arrival_aired_out, layout_loops_cross, serial_shops, shop,
          nicolae_elf_crossing_hall, grunt_ministairs_5, uniq_nikola
Elf:2:    elven_hall_of_blades_hangedman_alternative [mumra_blade_entry_dagger],
          layout_onion_city, nicolae_concentric_dashed_squares_wild, drop_trap,
          nicolae_stop_n_shop_1, minmay_misc_feat_pillars
Elf:3:    minmay_elf_hall_hex, layout_loops_ring
Vaults:1: vaults_room_corners, ontoclasm_vaults_pinch, v_misc_5,
          nicolae_whirlpool, dpeg_vaults_monster_box, v_pattern_1,
          nicolae_vaults_double_plus_3, hangedman_vaults_impose,
          hangedman_vaults_slice, v_misc_5, nicolae_vaults_little_squares_4,
          nicolae_vaults_angled_halls, grunt_vaults_hallway_short,
          layout_vaults_maze
Vaults:2: ebering_ghost_gozag, vaults_dpeg_ring,
          nicolae_vaults_network_periphery, not_door_vault_due, v_alt_pattern_2,
          nicolae_vaults_tetromino_L_1, hangedman_vaults_stream,
          nicolae_vaults_closet_pinwheel_3, vaults_mumra_hex,
          vaults_mumra_minichess_inversion, nicolae_vaults_diagonal_hallway_9,
          minmay_crypt_entry_simple_box, layout_vaults_omnicross
Vaults:3: lightli_enter_wizlab_magi_temple, vaults_mumra_chevron,
          hangedman_vaults_restitches, v_misc_3, vaults_room_grid,
          nicolae_vaults_little_squares_1, hangedman_vaults_slice,
          nicolae_vaults_stepped_doors, serial_library_hellmonk_open_square,
          nicolae_vaults_three_branches, v_misc_30, nicolae_vaults_shelves_hall,
          layout_vaults_omnibox
Vaults:4: nicolae_vaults_little_squares_5, hangedman_vaults_slice,
          nicolae_vaults_sealed_display, nicolae_vaults_little_squares_4,
          vaults_room_grunt_arrival_checkpoint, v_misc_10,
          nicolae_vaults_weapon_check, v_alt_pattern_6,
          nicolae_vaults_tetromino_L_1, layout_vaults_quadrants, uniq_xtahua
Vaults:5: uniq_mara
Crypt:1:  layout_misc_corridors, grunt_megastairs_3, uniq_jory
Crypt:2:  dreamdust_cat_pyramid, layout_regular_city, weyrava_ghost_lake
Crypt:3:  quadcrypt_mu, uniq_bai_suzhen, uniq_zenata
Depths:1: layout_cave_shapes, enter_ziggurat_b, abyss_entry_crystal, hell_entry,
          serial_shops, nicolae_lakefront_shop, nicolae_tso_carved_into_rock,
          lemuel_angel_altar
Depths:2: grunt_crosshair, layout_gridlike, hellmouth_1,
          grunt_pan_entry_in_and_out, nicolae_fountain_basement
Depths:3: grated_community_mu [grated_community_mu_vampire_home,
          grated_community_mu_giant_home, grated_community_mu_spellcaster_home,
          grated_community_mu_orcish_home, grated_community_mu_troll_home,
          grated_community_mu_taur_home, grated_community_mu_unbuilt_plot],
          layout_cross, hell_entry, abyss_entry, nrook_campfire
Depths:4: lemuel_castle_with_subvaults [lemuel_castle_interior_carwin_1],
          layout_gridlike, hellmouth_2, serial_bayou_shore_b,
          infiniplex_staircase_pool_lava
Zot:1:    layout_twisted_circle, st_stairs_2
Zot:2:    layout_gridlike, regret_index_zotdec_bone_old, uniq_vv
Zot:3:    layout_cathedral_of_symmetry
Zot:4:    layout_cathedral_of_symmetry, regret_index_zotdec_stipple_waver,
          st_stairs_6, regret_index_zotdec_banners
Zot:5:    layout_gridville, skrybe_zot_glass_1

Skill      XL: |  1  2  3  4  5  6  7  8  9 10 11 12 13 14 15 16 17 18 19 20 21 22 23 24 25 |
---------------+----------------------------------------------------------------------------+-----
Short Blades   | 3 4 5 6 8 10 12 14 | 14.0
Invocations    | 1 2 3 4 5 7 9 10 12 14 15 17 18 20 22 24 26 27 | 27.0
Polearms       | 1 |  1.3
Fighting       | 4 5 6 8 9 11 12 13 15 16 17 19 20 21 | 21.0
Dodging        | 4 6 7 8 11 13 15 16 18 19 | 19.1
Evocations     | 3 6 7 |  7.0
Armour         | 2 5 8 10 12 14 15 | 15.0
Shields        | 3 6 8 |  8.9
Necromancy     | 5 12 15 17 | 17.4
Spellcasting   | 6 9 12 14 15 | 15.1
Throwing       | |  0.7

Action                     |  1- 3 |  4- 6 |  7- 9 | 10-12 | 13-15 | 16-18 | 19-21 | 22-24 | 25-27 || total
---------------------------+-------+-------+-------+-------+-------+-------+-------+-------+-------++-------
  Melee: Short sword       |    40 |    85 |   301 |   365 |   655 |       |       |       |       ||  1446
         Dagger            |    62 |    78 |       |       |       |       |       |       |       ||   140
         Headbutt          |       |       |    63 |   184 |   413 |   623 |   677 |   928 |   115 ||  3003
         Quick blade       |       |       |       |   202 |    69 |    57 |  1900 |  2427 |   300 ||  4955
         Rapier            |       |       |       |       |   507 |  2127 |       |       |       ||  2634
   Cast: Fugue of the Fall |       |       |       |       |       |    10 |    26 |    20 |     3 ||    59
         Death Channel     |       |       |       |       |       |       |    20 |     6 |     1 ||    27
         Dispel Undead     |       |       |       |       |       |       |       |    67 |     3 ||    70
 Invoke: Banish            |       |     1 |     4 |    16 |    13 |    15 |       |     2 |       ||    51
         Corrupt           |       |       |       |       |     2 |     3 |       |     1 |     1 ||     7
         Brand Weapon With |       |       |       |       |       |     1 |       |       |       ||     1
  Evoke: Wand              |       |     2 |     3 |    23 |    20 |     3 |     2 |     7 |       ||    60
         Lightning rod     |       |       |       |       |     6 |     4 |       |       |       ||    10
         Condenser vane    |       |       |       |       |     1 |       |       |       |       ||     1
         Box of beasts     |       |       |       |       |     1 |       |       |       |       ||     1
         Phial of floods   |       |       |       |       |       |       |       |     1 |       ||     1
    Use: Potion            |     1 |       |     1 |       |     4 |    11 |    10 |    13 |     5 ||    45
         Scroll            |       |       |     8 |    17 |     9 |    18 |    11 |    13 |     1 ||    77
   Stab: Sleeping          |       |       |       |       |     7 |     5 |       |       |       ||    12
         Distracted        |       |       |       |       |       |     4 |     1 |     4 |       ||     9
         Invisible         |       |       |       |       |       |    16 |     1 |    17 |       ||    34
         Petrified         |       |       |       |       |       |       |     8 |       |       ||     8
 Armour: Robe              |    37 |    22 |       |       |       |       |       |       |       ||    59
         Leather armour    |       |    47 |    35 |       |       |       |       |       |       ||    82
         Steam dragon scal |       |       |   134 |   111 |       |       |       |       |       ||   245
         Fire dragon scale |       |       |       |   181 |   799 |  1093 |   120 |       |       ||  2193
         Pearl dragon scal |       |       |       |       |       |       |   384 |   771 |    64 ||  1219
  Dodge: Dodged            |    45 |    78 |   116 |   230 |   517 |   968 |   422 |   760 |    65 ||  3201
  Block: Buckler           |       |       |       |       |    46 |   444 |   256 |   451 |    35 ||  1232

Table legend: (Time is in decaauts)
 A = Elapsed time spent in this place.
 B = Non-inter-level travel time spent in this place.
 C = Inter-level travel time spent in this place.
 D = Time resting spent in this place.
 E = Time spent auto-exploring this place.
 F = Levels seen in this place.
 G = Mean time per level.
                   A        B        C        D        E       F      G
               +--------+--------+--------+--------+--------+-----+--------+
         Total |  58933 |  53743 |   5190 |   3649 |  38047 |  59 |  998.9 |
       Dungeon |  19640 |  17014 |   2626 |   2025 |  12313 |  15 | 1309.3 |
          Lair |   9258 |   8389 |    869 |    489 |   6577 |   5 | 1851.6 |
        Shoals |   4064 |   3892 |    172 |    145 |   2617 |   4 | 1016.0 |
     Snake Pit |   3562 |   3261 |    301 |    151 |   2233 |   4 |  890.5 |
    Slime Pits |      1 |      1 |      0 |      0 |      0 |   1 |    1.0 |
  Orcish Mines |   1970 |   1784 |    186 |     98 |   1306 |   2 |  985.0 |
   Elven Halls |   3311 |   3219 |     92 |    248 |   2026 |   3 | 1103.7 |
        Vaults |   6288 |   5772 |    516 |    269 |   4049 |   5 | 1257.6 |
         Crypt |   3497 |   3403 |     94 |     95 |   2522 |   3 | 1165.7 |
        Depths |   3005 |   2756 |    249 |      0 |   2031 |   4 |  751.2 |
           Zot |    730 |    649 |     81 |     58 |    207 |   5 |  146.0 |
         Abyss |    537 |    537 |      0 |     21 |    181 |   3 |  179.0 |
         Trove |     83 |     83 |      0 |      0 |     50 |   1 |   83.0 |
      Ice Cave |    826 |    826 |      0 |      8 |    442 |   1 |  826.0 |
       Volcano |    560 |    560 |      0 |      3 |    480 |   1 |  560.0 |
        Wizlab |   1011 |   1011 |      0 |      0 |    668 |   1 | 1011.0 |
      Gauntlet |    582 |    582 |      0 |     37 |    342 |   1 |  582.0 |
               +--------+--------+--------+--------+--------+-----+--------+

Top non-repeatable levels by time:
  Lair:5: 2166 daAuts
  Lair:3: 1972 daAuts
     D:9: 1929 daAuts
  Lair:4: 1905 daAuts
    D:10: 1878 daAuts
 Crypt:3: 1828 daAuts
    D:12: 1655 daAuts
     D:8: 1652 daAuts
  Lair:1: 1632 daAuts
Vaults:2: 1616 daAuts
     D:2: 1600 daAuts
  Lair:2: 1581 daAuts
    D:11: 1551 daAuts
Shoals:4: 1431 daAuts
Vaults:4: 1424 daAuts
